 Dungeon Crawl Stone Soup version 0.23.2-1-ga50397a6bc (webtiles) character file.

Game seed: 15632148736078595502

30 Gordogan the Magician (level 3, -3/19 HPs)
             Began as a Tengu Wizard on May 4, 2019.
             Slain by a leopard gecko (5 damage)
             ... on level 2 of the Dungeon.
             The game lasted 00:14:15 (1294 turns).

Gordogan the Magician (Tengu Wizard)                Turns: 1294, Time: 00:14:16

Health: -3/19      AC:  2    Str:  7    XL:     3   Next: 18%
Magic:  1/9        EV: 12    Int: 19    God:
Gold:   28         SH:  0    Dex: 12    Spells: 0/9 levels left

rFire    . . .     SeeInvis .   g - +0 dagger
rCold    . . .     Gourm    .   (no shield)
rNeg     . . .     Faith    .   a - +0 robe
rPois    .         Spirit   .   b - +0 hat
rElec    .         Reflect  .   (no cloak)
rCorr    .         Harm     .   (no gloves)
MR       .....                  (boots unavailable)
Stlth    ++........             (no amulet)
HPRegen  0.06/turn              (no ring)
MPRegen  0.11/turn              (no ring)

@: no status effects
A: beak, talons 3
a: no special abilities


You were on level 2 of the Dungeon.
You were not hungry.

You visited 1 branch of the dungeon, and saw 2 of its levels.

You collected 28 gold pieces.

Inventory:

Hand Weapons
 g - a +0 dagger (weapon)
Armour
 a - a +0 robe (worn)
 b - a +0 hat (worn)
Potions
 c - a potion of heal wounds {unknown}
 e - a potion of might {unknown}
 h - a potion of brilliance {unknown}
 j - a potion of ambrosia {unknown}
Comestibles
 d - 3 rations
 f - a chunk of flesh


   Skills:
 + Level 2.5 Dodging
 + Level 2.3 Stealth
 + Level 3.6 Spellcasting
 + Level 1.7 Conjurations
 + Level 1.2 Summonings
   Level 0.7 Translocations


You couldn't memorise any spells.
You knew the following spells:

 Your Spells              Type           Power        Failure   Level  Hunger
a - Magic Dart            Conj           ##..         7%          1    None
b - Call Imp              Summ           #.......     13%         2    ##.....
c - Conjure Flame         Conj/Fire      #.......     30%         3    ###....
d - Mephitic Cloud        Conj/Pois/Air  #.......     34%         3    ###....

Your spell library contained the following spells:

 Spells                   Type           Power        Failure   Level  Hunger
 Blink                    Tloc           N/A          16%         2    ##.....
 Slow                     Hex            #.......     22%         2    ##.....


Dungeon Overview and Level Annotations

Branches:
Dungeon (2/15)

Altars:

Annotations:
D:2 Terence


Innate Abilities, Weirdness & Mutations

You have a beak for a mouth.
You have claws for feet.


Message History

You swap places.
Your crimson imp hits Terence but does no damage.
The leopard gecko closely misses you.
Terence completely misses your crimson imp.
Terence closely misses your crimson imp.
Your crimson imp hits Terence but does no damage.
Your crimson imp hits Terence but does no damage.
The leopard gecko barely misses you.
Terence hits your crimson imp with a +0 hand axe.
Terence barely misses your crimson imp.
Your crimson imp hits Terence but does no damage.
Casting: Magic Dart (safe; 7% risk of failure)
Confirm with . or Enter, or press ? or * to list all spells.
Aiming: Magic Dart (safe; 7% risk of failure)
Press: ? - help, Shift-Dir - straight line, f/p - Terence
Aim: Terence, wielding a +0 hand axe and wearing a +3 scale mail of fire resistance (lightly wounded) Really fire in your crimson imp's direction?
Okay, then.
The leopard gecko bites you.
You die...

#..##
#.######...#
##...###.#
##.##
#.....##.#
####.######
###...###.#
#.........#
.......)..#
#..#5#.##.#
###..######
#..#@#.##.#
.....#
#..#5#.##.#
####'##
#..#...##.#
##...##
#..@l..##.#
##.....##
#.........#
#..>....##
#.###.#####
.........# #..
#.# ....<....+
.... ...
.........####..
.$..#
#.......## ##.
##..# ##.....##
#..# ##...##


You could see Terence, a leopard gecko and 2 friendly crimson imps.

Vanquished Creatures
  An orc (D:2)
  2 bats (D:1)
  2 giant cockroaches (D:1)
  3 goblins
  4 hobgoblins (D:1)
  6 kobolds (D:1)
  4 frilled lizards (D:1)
  5 rats (D:1)
27 creatures vanquished.

Notes
Turn   | Place    | Note
-------+----------+-------------------------------------------
     0 | D:1      | Gordogan the Tengu Wizard began the quest for the Orb.
     0 | D:1      | Reached XP level 1. HP: 10/10 MP: 5/5
   231 | D:1      | Reached XP level 2. HP: 15/15 MP: 7/7
   901 | D:1      | Reached XP level 3. HP: 19/19 MP: 9/9
   946 | D:1      | Learned a level 2 spell: Call Imp
   950 | D:1      | Learned a level 3 spell: Conjure Flame
   954 | D:1      | Learned a level 3 spell: Mephitic Cloud
  1272 | D:2      | Noticed Terence
  1294 | D:2      | Slain by a leopard gecko

Action                   || total
-------------------------++-------
Melee: Dagger            ||    27
       Peck              ||     6
       Unarmed           ||     2
       Kick              ||     4
 Cast: Magic Dart        ||    39
       Call Imp          ||     2
  Use: Scroll            ||     4
 Stab: Sleeping          ||     2
  Eat: Ration            ||     1
Armor: Robe              ||     1
Dodge: Dodged            ||    21
